Abbotsford Heat vs Providence Bruins
Created - Monday, April 17, 2023 at 07:12
Goals
|
| Abbotsford Heat |
2 |
0 |
1 |
3 |
| Providence Bruins |
0 |
2 |
0 |
2 |
|
Shots
|
| Abbotsford Heat |
6 |
11 |
16 |
33 |
| Providence Bruins |
8 |
9 |
9 |
26 |
|
1st period
1. Abbotsford Heat , Benoit-Olivier Groulx 11 (Jacob Peterson 7, Bobby Brink 15) at 12:51
2. Abbotsford Heat , Yakov Trenin 18 (Cole Sillinger 15, Dustin Wolf) at 14:41 (SH)
Penalties :
Jordy Bellerive (PRB) for Tripping (Minor) at 1:40, Bobby Brink (ABH) for Slashing (Minor) at 13:47
2nd period
3. Providence Bruins , Cole Schwindt 16 (Logan Hutsko 13) at 4:52 (PP)
4. Providence Bruins , Joe Veleno 18 (John-Jason Peterka 21, Jack Studnicka 17) at 10:58
Penalties :
Ryan Merkley (ABH) for Hooking (Minor) at 4:06, John-Jason Peterka (PRB) for Interference (Minor) at 5:07, Ryan Merkley (ABH) for Holding (Minor) at 11:20, Wyatt Newpower (ABH) for Hooking (Minor) at 14:52
3rd period
5. Abbotsford Heat , Dennis Gilbert 1 (Rafael Harvey-Pinard 16, Cole Sillinger 16) at 1:44 (PP)
Penalties :
Nikolai Knyzhov (PRB) for Interference (Minor) at 1:01, Jordy Bellerive (PRB) for Roughing (Minor) at 6:02, Wyatt Newpower (ABH) for Holding Stick (Minor) at 9:41, Nikolai Knyzhov (PRB) for Kneeing (Minor) at 13:35, John-Jason Peterka (PRB) for High sticking (Minor) at 17:30
Goalie Stats
Dustin Wolf (ABH), 24 saves from 26 shots - (0.923), W, 3-6-3, 60:00 minutes
Zachary Emond (PRB), 30 saves from 33 shots - (0.909), L, 1-7-1, 60:00 minutes
Players Stats for Abbotsford Heat
Player Name G A P +/- PIM S H SB GA TA FO MP PP MP PK MP
------------------------------------------------------------------------------------
Alex Limoges 0 0 0 1 0 1 0 0 0 0 0/0 9:37 0:00 0:00
Benoit-Olivier Groulx 1 0 1 2 0 4 1 0 0 0 5/6 12:09 0:00 1:50
Bobby Brink 0 1 1 0 2 4 2 1 1 1 0/2 20:19 5:42 1:56
Cole Perfetti 0 0 0 1 0 3 2 1 3 0 0/1 20:51 5:42 2:34
Cole Sillinger 0 2 2 -1 0 7 0 1 0 1 3/7 20:57 4:46 4:58
Daniil Miromanov 0 0 0 1 0 0 0 1 0 0 0/0 11:48 0:07 0:00
Dennis Gilbert 1 0 1 -1 0 3 2 1 0 1 0/0 21:11 3:59 3:20
Filip Chlapik 0 0 0 0 0 0 0 0 0 0 0/2 8:50 0:13 1:10
Gabriel Fortier 0 0 0 0 0 0 0 0 0 0 0/0 4:59 0:00 0:00
Jacob Peterson 0 1 1 1 0 1 1 0 0 0 0/0 13:39 0:00 0:00
Lane Pederson 0 0 0 -1 0 1 3 1 0 0 1/1 15:54 4:46 0:00
Michael Anderson 0 0 0 1 0 0 4 1 0 1 0/0 28:42 6:39 5:32
Rafael Harvey-Pinard 0 1 1 -1 0 4 0 1 0 0 1/1 15:54 4:46 0:00
Ryan Merkley 0 0 0 1 4 0 1 2 0 1 0/0 26:54 6:39 3:36
Shane Pinto 0 0 0 0 0 0 0 0 0 0 0/1 2:35 0:10 0:01
Vincent Desharnais 0 0 0 -1 0 1 0 2 0 1 0/0 20:52 3:59 3:11
Wyatt Newpower 0 0 0 1 4 0 0 0 0 0 0/0 12:30 0:00 1:45
Yakov Trenin 1 0 1 0 0 4 1 0 1 0 13/33 23:32 5:42 4:55
Players Stats for Providence Bruins
Player Name G A P +/- PIM S H SB GA TA FO MP PP MP PK MP
------------------------------------------------------------------------------------
Brandon Coe 0 0 0 -1 0 0 0 0 0 0 1/1 12:57 0:35 0:00
Cole Schwindt 1 0 1 0 0 3 1 0 0 0 0/0 18:03 3:40 2:09
Helge Grans 0 0 0 0 0 0 0 0 0 0 0/0 6:54 0:00 0:00
Jack Studnicka 0 1 1 0 0 0 0 0 0 1 0/3 23:14 4:27 4:14
Jacob Moverare 0 0 0 -1 0 0 0 0 0 0 0/0 18:37 3:30 4:27
Jared McIsaac 0 0 0 0 0 0 0 1 1 0 0/0 9:24 0:00 0:27
Joe Veleno 1 0 1 0 0 1 4 0 0 1 19/32 24:14 4:41 5:17
John-Jason Peterka 0 1 1 0 4 5 1 1 3 1 1/1 22:41 4:27 3:25
Jordan Spence 0 0 0 0 0 2 0 3 1 0 0/0 26:27 5:15 6:24
Jordy Bellerive 0 0 0 -1 4 3 1 0 0 0 2/4 15:52 0:18 1:54
Logan Hutsko 0 1 1 0 0 3 0 0 0 0 8/13 17:03 3:40 0:18
Marc Del Gaizo 0 0 0 0 0 0 0 0 0 0 0/0 6:54 0:00 0:00
Mason Millman 0 0 0 0 0 0 0 0 0 0 0/0 0:23 0:00 0:00
Michal Teply 0 0 0 0 0 3 1 0 1 0 0/0 19:35 3:36 2:47
Nicholas Merkley 0 0 0 -1 0 4 0 1 0 0 0/0 14:17 0:39 0:59
Nick Perbix 0 0 0 -1 0 0 2 0 0 1 0/0 18:32 3:30 4:27
Nikolai Knyzhov 0 0 0 0 4 2 2 2 0 1 0/0 24:38 5:12 4:33
Samuel Bolduc 0 0 0 0 0 0 0 0 0 0 0/0 9:31 0:00 1:11
3 Stars
1 - Benoit-Olivier Groulx (ABH)
2 - Joe Veleno (PRB)
3 - Yakov Trenin (ABH)
Power Play
Abbotsford Heat - 1 on 6 Attempt(s) - 16.67%
Providence Bruins - 1 on 5 Attempt(s) - 20.00%
Penalty Kill
Abbotsford Heat - 4 on 5 Attempt(s) - 80.00%
- Score 1 goal in Penalty Kill
Providence Bruins - 5 on 6 Attempt(s) - 83.33%
- Score 0 goal in Penalty Kill
Team Stat
Abbotsford Heat - Hits : 17 - Faceoff Wins : 23 - Blocked Shots : 12 - Penalty Minutes : 10
Providence Bruins - Hits : 12 - Faceoff Wins : 31 - Blocked Shots : 8 - Penalty Minutes : 12
Official
Referees : Kyle Rehman and Ian Walsh
Linesman : Michel Cormier and Don Henderson
Game Notes
No Game Note
Abbotsford Heat
5 vs 5 Forward
Center Left Wing Right Wing Time % Phy DF OF
1 Yakov Trenin Cole Perfetti Bobby Brink 40 1 2 2
2 Cole Sillinger Rafael Harvey-Pinard Lane Pederson 30 1 2 2
3 Benoit-Olivier Groulx Alex Limoges Jacob Peterson 20 1 2 2
4 Jacob Peterson Gabriel Fortier Filip Chlapik 10 1 2 2
5 vs 5 Defense
Defense Defense Time % Phy DF OF
1 Michael Anderson Ryan Merkley 40 1 2 2
2 Vincent Desharnais Dennis Gilbert 30 1 2 2
3 Daniil Miromanov Wyatt Newpower 20 1 2 2
4 Michael Anderson Ryan Merkley 10 1 2 2
PowerPlay Forward
Center Left Wing Right Wing Time % Phy DF OF
1 Yakov Trenin Cole Perfetti Bobby Brink 60 1 2 2
2 Cole Sillinger Rafael Harvey-Pinard Lane Pederson 40 1 2 2
PowerPlay Defense
Defense Defense Time % Phy DF OF
1 Michael Anderson Ryan Merkley 60 1 2 2
2 Vincent Desharnais Dennis Gilbert 40 1 2 2
Penalty Kill 4 Players Forward
Center Wing Time % Phy DF OF
1 Yakov Trenin Cole Sillinger 60 1 2 2
2 Bobby Brink Cole Perfetti 40 1 2 2
Penalty Kill 4 Players Defense
Defense Defense Time % Phy DF OF
1 Michael Anderson Ryan Merkley 60 1 2 2
2 Vincent Desharnais Dennis Gilbert 40 1 2 2
Penalty Kill - 3 Players Forward
Forward Time % Phy DF OF
1 Yakov Trenin 60 1 2 2
2 Cole Sillinger 40 1 2 2
Penalty Kill - 3 Players Defense
Defense Defense Time % Phy DF OF
1 Michael Anderson Ryan Merkley 60 1 2 2
2 Vincent Desharnais Dennis Gilbert 40 1 2 2
4 vs 4 Forward
Center Wing Time % Phy DF OF
1 Yakov Trenin Cole Sillinger 60 1 2 2
2 Bobby Brink Cole Perfetti 40 1 2 2
4 vs 4 Defense
Defense Defense Time % Phy DF OF
1 Michael Anderson Ryan Merkley 60 1 2 2
2 Vincent Desharnais Dennis Gilbert 40 1 2 2
Last Minutes Offensive
Center Left Wing Right Wing Defense Defense
Yakov Trenin Cole Perfetti Bobby Brink Michael Anderson Ryan Merkley
Last Minutes Defensive
Center Left Wing Right Wing Defense Defense
Yakov Trenin Cole Perfetti Bobby Brink Michael Anderson Ryan Merkley
Goaltenders
Starting : Dustin Wolf
Backup : Pheonix Copley
Extra Forwards
Normal : Filip Chlapik, Shane Pinto, Benoit-Olivier Groulx - PP : Filip Chlapik, Shane Pinto - PK : Benoit-Olivier Groulx
Extra Defensemen
Normal : Daniil Miromanov, Wyatt Newpower, Vincent Desharnais - PP : Daniil Miromanov - PK : Wyatt Newpower, Vincent Desharnais
Penalty Shots
Yakov Trenin, Cole Sillinger, Bobby Brink, Cole Perfetti, Benoit-Olivier Groulx
Providence Bruins
5 vs 5 Forward
Center Left Wing Right Wing Time % Phy DF OF
1 Joe Veleno John-Jason Peterka Jack Studnicka 40 1 2 2
2 Logan Hutsko Michal Teply Cole Schwindt 30 1 2 2
3 Jordy Bellerive Nicholas Merkley Brandon Coe 20 1 2 2
4 Joe Veleno John-Jason Peterka Jack Studnicka 10 1 2 2
5 vs 5 Defense
Defense Defense Time % Phy DF OF
1 Jordan Spence Nikolai Knyzhov 40 1 2 2
2 Jacob Moverare Nick Perbix 30 1 2 2
3 Samuel Bolduc Jared McIsaac 20 1 2 2
4 Helge Grans Marc Del Gaizo 10 1 2 2
PowerPlay Forward
Center Left Wing Right Wing Time % Phy DF OF
1 Joe Veleno John-Jason Peterka Jack Studnicka 60 1 2 2
2 Logan Hutsko Michal Teply Cole Schwindt 40 1 2 2
PowerPlay Defense
Defense Defense Time % Phy DF OF
1 Jordan Spence Nikolai Knyzhov 60 1 2 2
2 Jacob Moverare Nick Perbix 40 1 2 2
Penalty Kill 4 Players Forward
Center Wing Time % Phy DF OF
1 Joe Veleno John-Jason Peterka 60 1 2 2
2 Jack Studnicka Cole Schwindt 40 1 2 2
Penalty Kill 4 Players Defense
Defense Defense Time % Phy DF OF
1 Jordan Spence Nikolai Knyzhov 60 1 2 2
2 Jacob Moverare Nick Perbix 40 1 2 2
Penalty Kill - 3 Players Forward
Forward Time % Phy DF OF
1 Joe Veleno 60 1 2 2
2 John-Jason Peterka 40 1 2 2
Penalty Kill - 3 Players Defense
Defense Defense Time % Phy DF OF
1 Jordan Spence Nikolai Knyzhov 60 1 2 2
2 Jacob Moverare Nick Perbix 40 1 2 2
4 vs 4 Forward
Center Wing Time % Phy DF OF
1 Joe Veleno John-Jason Peterka 60 1 2 2
2 Jack Studnicka Cole Schwindt 40 1 2 2
4 vs 4 Defense
Defense Defense Time % Phy DF OF
1 Jordan Spence Nikolai Knyzhov 60 1 2 2
2 Jacob Moverare Nick Perbix 40 1 2 2
Last Minutes Offensive
Center Left Wing Right Wing Defense Defense
Joe Veleno John-Jason Peterka Jack Studnicka Jordan Spence Nikolai Knyzhov
Last Minutes Defensive
Center Left Wing Right Wing Defense Defense
Joe Veleno John-Jason Peterka Jack Studnicka Jordan Spence Nikolai Knyzhov
Goaltenders
Starting : Zachary Emond
Backup : Trent Miner
Extra Forwards
Normal : Nicholas Merkley, Brandon Coe, Jordy Bellerive - PP : Nicholas Merkley, Brandon Coe - PK : Jordy Bellerive
Extra Defensemen
Normal : Mason Millman, Samuel Bolduc, Jared McIsaac - PP : Mason Millman - PK : Samuel Bolduc, Jared McIsaac
Penalty Shots
Joe Veleno, John-Jason Peterka, Jack Studnicka, Cole Schwindt, Michal Teply
% Time on Ice - Abbotsford Heat
Lines # - Real PCT - Wanted PCT - Time Play
Normal Forward
1 - 34% - 40% - 13:47
2 - 30% - 30% - 12:05
3 - 24% - 20% - 9:37
4 - 12% - 10% - 4:59
Normal Defense
1 - 39% - 40% - 15:58
2 - 34% - 30% - 13:42
3 - 25% - 20% - 10:17
4 - 1% - 10% - 0:31
PP Forward
1 - 55% - 60% - 5:51
2 - 45% - 40% - 4:47
PP Defense
1 - 63% - 60% - 6:39
2 - 37% - 40% - 3:59
PK Forward
1 - 70% - 60% - 6:08
2 - 30% - 40% - 2:34
PK Defense
1 - 66% - 60% - 5:47
2 - 34% - 40% - 2:55
PK3 Forward
1 - 0% - 60%
2 - 0% - 40%
PK3 Defense
1 - 0% - 60%
2 - 0% - 40%
44 Forward
1 - 0% - 60%
2 - 0% - 40%
44 Defense
1 - 0% - 60%
2 - 0% - 40%
Last Minute Offensive - 0:00
Last Minute Defensive - 0:12
Total
Forward - 60:00
Defense - 60:00
|
% Time on Ice - Providence Bruins
Lines # - Real PCT - Wanted PCT - Time Play
Normal Forward
1 - 40% - 40% - 15:58
2 - 31% - 30% - 12:17
3 - 30% - 20% - 11:54
4 - 0% - 10% - 0:03
Normal Defense
1 - 36% - 40% - 14:23
2 - 26% - 30% - 10:35
3 - 21% - 20% - 8:20
4 - 17% - 10% - 6:54
PP Forward
1 - 58% - 60% - 5:02
2 - 42% - 40% - 3:40
PP Defense
1 - 60% - 60% - 5:12
2 - 40% - 40% - 3:30
PK Forward
1 - 80% - 60% - 8:29
2 - 20% - 40% - 2:09
PK Defense
1 - 58% - 60% - 6:11
2 - 42% - 40% - 4:27
PK3 Forward
1 - 0% - 60%
2 - 0% - 40%
PK3 Defense
1 - 0% - 60%
2 - 0% - 40%
44 Forward
1 - 0% - 60%
2 - 0% - 40%
44 Defense
1 - 0% - 60%
2 - 0% - 40%
Last Minute Offensive - 0:28
Last Minute Defensive - 0:00
Total
Forward - 60:00
Defense - 60:00
|
Play-by-Play
1st period
0:01 of 1st period - Joe Veleno wins face-off versus Yakov Trenin in neutral zone.
0:25 of 1st period - Cole Schwindt is hit by Benoit-Olivier Groulx and loses puck.
1:40 of 1st period - Minor Penalty to Jordy Bellerive for Tripping.
1:41 of 1st period - Joe Veleno wins face-off versus Yakov Trenin in Providence Bruins zone.
2:21 of 1st period - Icing by Michael Anderson.
2:22 of 1st period - Joe Veleno wins face-off versus Cole Sillinger in Abbotsford Heat zone.
2:27 of 1st period - Snap shot by John-Jason Peterka.
2:27 of 1st period - Shot Misses the Net.
3:05 of 1st period - Joe Veleno is hit by Michael Anderson and loses puck.
3:40 of 1st period - Penalty to Jordy Bellerive is over, Jordy Bellerive is back on ice.
3:57 of 1st period - Icing by Nikolai Knyzhov.
3:58 of 1st period - Cole Sillinger wins face-off versus Jordy Bellerive in Providence Bruins zone.
3:59 of 1st period - Slapshot by Rafael Harvey-Pinard.
3:59 of 1st period - Shot Misses the Net.
4:05 of 1st period - Snap shot by Nicholas Merkley.
4:05 of 1st period - Shot Blocked by Cole Sillinger.
4:52 of 1st period - Wrist shot by Nicholas Merkley.
4:52 of 1st period - Shot Misses the Net.
5:12 of 1st period - Wrist shot by Nicholas Merkley.
5:12 of 1st period - Shot Misses the Net.
5:14 of 1st period - Slapshot by Nikolai Knyzhov.
5:14 of 1st period - Shot Misses the Net.
5:16 of 1st period - Slapshot by Nicholas Merkley.
5:16 of 1st period - Stopped by Dustin Wolf with a rebound.
5:18 of 1st period - Backhand shot by Nikolai Knyzhov.
5:18 of 1st period - Shot Blocked by Daniil Miromanov.
5:20 of 1st period - Wrist shot by Nikolai Knyzhov.
5:20 of 1st period - Stopped by Dustin Wolf with a rebound.
5:22 of 1st period - Slapshot by Jordan Spence.
5:22 of 1st period - Stopped by Dustin Wolf without a rebound.
5:23 of 1st period - Joe Veleno wins face-off versus Yakov Trenin in Abbotsford Heat zone.
5:24 of 1st period - Wrist shot by John-Jason Peterka.
5:24 of 1st period - Stopped by Dustin Wolf without a rebound.
5:25 of 1st period - Joe Veleno wins face-off versus Yakov Trenin in Abbotsford Heat zone.
5:28 of 1st period - Snap shot by John-Jason Peterka.
5:28 of 1st period - Stopped by Dustin Wolf with a rebound.
5:59 of 1st period - Snap shot by Rafael Harvey-Pinard.
5:59 of 1st period - Shot Misses the Net.
6:01 of 1st period - Snap shot by Cole Sillinger.
6:01 of 1st period - Stopped by Zachary Emond with a rebound.
6:03 of 1st period - Wrist shot by Michael Anderson.
6:03 of 1st period - Shot Misses the Net.
6:33 of 1st period - Michal Teply is hit by Lane Pederson and loses puck.
7:30 of 1st period - Icing by Gabriel Fortier.
7:31 of 1st period - Jordy Bellerive wins face-off versus Shane Pinto in Abbotsford Heat zone.
7:51 of 1st period - Icing by Gabriel Fortier.
7:52 of 1st period - Joe Veleno wins face-off versus Yakov Trenin in Abbotsford Heat zone.
7:55 of 1st period - Slapshot by John-Jason Peterka.
7:55 of 1st period - Shot Blocked by Cole Perfetti.
8:21 of 1st period - Wrist shot by Cole Sillinger.
8:21 of 1st period - Deflect By Rafael Harvey-Pinard.
8:21 of 1st period - Shot Misses the Net.
8:21 of 1st period - Puck is out of play.
8:22 of 1st period - Joe Veleno wins face-off versus Yakov Trenin in Providence Bruins zone.
9:10 of 1st period - Wrist shot by Nicholas Merkley.
9:10 of 1st period - Stopped by Dustin Wolf with a rebound.
10:35 of 1st period - Brandon Coe is hit by Lane Pederson.
12:10 of 1st period - Icing by Logan Hutsko.
12:11 of 1st period - Cole Sillinger wins face-off versus Logan Hutsko in Providence Bruins zone.
12:20 of 1st period - Snap shot by Cole Sillinger.
12:20 of 1st period - Stopped by Zachary Emond with a rebound.
12:34 of 1st period - Yakov Trenin is hit by Joe Veleno and loses puck.
12:51 of 1st period - Slapshot by Benoit-Olivier Groulx.
12:51 of 1st period - Goal by Benoit-Olivier Groulx - Abbotsford Heat : 1 - Providence Bruins : 0.
12:52 of 1st period - Yakov Trenin wins face-off versus Joe Veleno in neutral zone.
12:59 of 1st period - Snap shot by Yakov Trenin.
12:59 of 1st period - Shot Blocked by John-Jason Peterka.
13:25 of 1st period - Wrist shot by Rafael Harvey-Pinard.
13:25 of 1st period - Shot Misses the Net.
13:27 of 1st period - Wrist shot by Rafael Harvey-Pinard.
13:27 of 1st period - Stopped by Zachary Emond without a rebound.
13:28 of 1st period - Joe Veleno wins face-off versus Yakov Trenin in Providence Bruins zone.
13:47 of 1st period - Minor Penalty to Bobby Brink for Slashing.
13:48 of 1st period - Joe Veleno wins face-off versus Yakov Trenin in Abbotsford Heat zone.
13:58 of 1st period - Snap shot by John-Jason Peterka.
13:58 of 1st period - Stopped by Dustin Wolf with a rebound.
14:00 of 1st period - Snap shot by John-Jason Peterka.
14:00 of 1st period - Shot Misses the Net.
14:02 of 1st period - Slapshot by Nikolai Knyzhov.
14:02 of 1st period - Stopped by Dustin Wolf with a rebound.
14:04 of 1st period - Snap shot by Jack Studnicka.
14:04 of 1st period - Shot Blocked by Ryan Merkley.
14:41 of 1st period - Snap shot by Yakov Trenin.
14:41 of 1st period - Goal by Yakov Trenin - Abbotsford Heat : 2 - Providence Bruins : 0.
14:42 of 1st period - Joe Veleno wins face-off versus Yakov Trenin in neutral zone.
15:47 of 1st period - Penalty to Bobby Brink is over, Bobby Brink is back on ice.
15:56 of 1st period - Ryan Merkley is hit by Nikolai Knyzhov and loses puck.
18:09 of 1st period - Wrist shot by Alex Limoges.
18:09 of 1st period - Stopped by Zachary Emond with a rebound.
19:00 of 1st period - Icing by Yakov Trenin.
19:01 of 1st period - Yakov Trenin wins face-off versus Logan Hutsko in Abbotsford Heat zone.
19:06 of 1st period - Logan Hutsko is hit by Yakov Trenin and loses puck.
19:23 of 1st period - Marc Del Gaizo is hit by Lane Pederson and loses puck.
Goals for this period are 2 for Abbotsford Heat vs 0 for Providence Bruins.
Shots for this period are 6 for Abbotsford Heat vs 8 for Providence Bruins.
2nd period
0:01 of 2nd period - Joe Veleno wins face-off versus Yakov Trenin in neutral zone.
0:06 of 2nd period - Snap shot by Bobby Brink.
0:06 of 2nd period - Stopped by Zachary Emond without a rebound.
0:07 of 2nd period - Joe Veleno wins face-off versus Bobby Brink in Providence Bruins zone.
0:07 of 2nd period - Joe Veleno is hit by Bobby Brink.
0:13 of 2nd period - Wrist shot by John-Jason Peterka.
0:13 of 2nd period - Shot Misses the Net.
0:33 of 2nd period - Snap shot by Cole Schwindt.
0:33 of 2nd period - Shot Blocked by Rafael Harvey-Pinard.
0:35 of 2nd period - Slapshot by Logan Hutsko.
0:35 of 2nd period - Shot Misses the Net.
0:43 of 2nd period - Slapshot by Michal Teply.
0:43 of 2nd period - Shot Blocked by Ryan Merkley.
1:04 of 2nd period - Snap shot by Benoit-Olivier Groulx.
1:04 of 2nd period - Stopped by Zachary Emond with a rebound.
1:14 of 2nd period - Yakov Trenin is hit by Joe Veleno and loses puck.
1:19 of 2nd period - Slapshot by John-Jason Peterka.
1:19 of 2nd period - Stopped by Dustin Wolf with a rebound.
1:39 of 2nd period - Snap shot by Michal Teply.
1:39 of 2nd period - Stopped by Dustin Wolf with a rebound.
1:41 of 2nd period - Snap shot by Michal Teply.
1:41 of 2nd period - Stopped by Dustin Wolf without a rebound.
1:42 of 2nd period - Cole Sillinger wins face-off versus Logan Hutsko in Abbotsford Heat zone.
2:32 of 2nd period - Dennis Gilbert is hit by Nikolai Knyzhov.
3:20 of 2nd period - Slapshot by Cole Sillinger.
3:20 of 2nd period - Shot Misses the Net.
3:34 of 2nd period - Snap shot by Cole Sillinger.
3:34 of 2nd period - Stopped by Zachary Emond without a rebound.
3:35 of 2nd period - Joe Veleno wins face-off versus Yakov Trenin in Providence Bruins zone.
3:48 of 2nd period - Wrist shot by Bobby Brink.
3:48 of 2nd period - Stopped by Zachary Emond with a rebound.
3:50 of 2nd period - Snap shot by Yakov Trenin.
3:50 of 2nd period - Shot Misses the Net.
4:00 of 2nd period - Benoit-Olivier Groulx is hit by Michal Teply and loses puck.
4:06 of 2nd period - Minor Penalty to Ryan Merkley for Hooking.
4:07 of 2nd period - Joe Veleno wins face-off versus Yakov Trenin in Abbotsford Heat zone.
4:19 of 2nd period - Wrist shot by John-Jason Peterka.
4:19 of 2nd period - Deflect By Cole Sillinger.
4:19 of 2nd period - Shot Misses the Net.
4:19 of 2nd period - Puck is out of play.
4:20 of 2nd period - Yakov Trenin wins face-off versus Joe Veleno in Abbotsford Heat zone.
4:48 of 2nd period - Wrist shot by Michal Teply.
4:48 of 2nd period - Deflect By Cole Schwindt.
4:48 of 2nd period - Shot Misses the Net.
4:48 of 2nd period - Puck is out of play.
4:49 of 2nd period - Logan Hutsko wins face-off versus Yakov Trenin in Abbotsford Heat zone.
4:52 of 2nd period - Snap shot by Cole Schwindt.
4:52 of 2nd period - Goal by Cole Schwindt - Abbotsford Heat : 2 - Providence Bruins : 1.
4:53 of 2nd period - Yakov Trenin wins face-off versus Joe Veleno in neutral zone.
5:07 of 2nd period - Minor Penalty to John-Jason Peterka for Interference.
5:08 of 2nd period - Yakov Trenin wins face-off versus Joe Veleno in Providence Bruins zone.
5:09 of 2nd period - Snap shot by Bobby Brink.
5:09 of 2nd period - Stopped by Zachary Emond with a rebound.
5:42 of 2nd period - Wrist shot by Cole Sillinger.
5:42 of 2nd period - Stopped by Zachary Emond with a rebound.
5:44 of 2nd period - Snap shot by Rafael Harvey-Pinard.
5:44 of 2nd period - Shot Misses the Net.
6:18 of 2nd period - Cole Perfetti is hit by Nick Perbix and loses puck.
7:05 of 2nd period - Snap shot by Daniil Miromanov.
7:05 of 2nd period - Shot Blocked by Nikolai Knyzhov.
7:07 of 2nd period - Penalty to John-Jason Peterka is over, John-Jason Peterka is back on ice.
7:07 of 2nd period - Snap shot by Dennis Gilbert.
7:07 of 2nd period - Stopped by Zachary Emond without a rebound.
7:08 of 2nd period - Logan Hutsko wins face-off versus Filip Chlapik in Providence Bruins zone.
7:29 of 2nd period - Slapshot by Alex Limoges.
7:29 of 2nd period - Shot Misses the Net.
7:37 of 2nd period - Wrist shot by Nicholas Merkley.
7:37 of 2nd period - Stopped by Dustin Wolf with a rebound.
9:29 of 2nd period - Off-side.
9:30 of 2nd period - Logan Hutsko wins face-off versus Benoit-Olivier Groulx in neutral zone.
9:33 of 2nd period - Slapshot by Jordan Spence.
9:33 of 2nd period - Stopped by Dustin Wolf with a rebound.
9:35 of 2nd period - Snap shot by Logan Hutsko.
9:35 of 2nd period - Stopped by Dustin Wolf without a rebound.
9:36 of 2nd period - Benoit-Olivier Groulx wins face-off versus Logan Hutsko in Abbotsford Heat zone.
9:41 of 2nd period - Logan Hutsko is hit by Michael Anderson and loses puck.
10:08 of 2nd period - Slapshot by Jordan Spence.
10:08 of 2nd period - Shot Misses the Net.
10:10 of 2nd period - Slapshot by Jordy Bellerive.
10:10 of 2nd period - Stopped by Dustin Wolf without a rebound.
10:11 of 2nd period - Yakov Trenin wins face-off versus Jack Studnicka in Abbotsford Heat zone.
10:11 of 2nd period - Yakov Trenin is hit by Joe Veleno.
10:17 of 2nd period - Snap shot by Yakov Trenin.
10:17 of 2nd period - Stopped by Zachary Emond with a rebound.
10:19 of 2nd period - Wrist shot by Cole Perfetti.
10:19 of 2nd period - Stopped by Zachary Emond with a rebound.
10:21 of 2nd period - Slapshot by Yakov Trenin.
10:21 of 2nd period - Stopped by Zachary Emond with a rebound.
10:23 of 2nd period - Slapshot by Dennis Gilbert.
10:23 of 2nd period - Stopped by Zachary Emond with a rebound.
10:48 of 2nd period - Backhand shot by Jack Studnicka.
10:48 of 2nd period - Shot Blocked by Lane Pederson.
10:50 of 2nd period - Wrist shot by John-Jason Peterka.
10:50 of 2nd period - Shot Blocked by Vincent Desharnais.
10:52 of 2nd period - Wrist shot by John-Jason Peterka.
10:52 of 2nd period - Shot Blocked by Vincent Desharnais.
10:56 of 2nd period - Wrist shot by Joe Veleno.
10:56 of 2nd period - Shot Misses the Net.
10:58 of 2nd period - Snap shot by Joe Veleno.
10:58 of 2nd period - Goal by Joe Veleno - Abbotsford Heat : 2 - Providence Bruins : 2.
10:59 of 2nd period - Logan Hutsko wins face-off versus Yakov Trenin in neutral zone.
11:20 of 2nd period - Minor Penalty to Ryan Merkley for Holding.
11:21 of 2nd period - Joe Veleno wins face-off versus Yakov Trenin in Abbotsford Heat zone.
12:01 of 2nd period - Vincent Desharnais is hit by Cole Schwindt and loses puck.
13:08 of 2nd period - Cole Schwindt is hit by Dennis Gilbert.
13:20 of 2nd period - Penalty to Ryan Merkley is over, Ryan Merkley is back on ice.
14:52 of 2nd period - Minor Penalty to Wyatt Newpower for Hooking.
14:53 of 2nd period - Joe Veleno wins face-off versus Yakov Trenin in Abbotsford Heat zone.
15:38 of 2nd period - Jack Studnicka is hit by Bobby Brink and loses puck.
15:45 of 2nd period - Joe Veleno is hit by Michael Anderson and loses puck.
16:52 of 2nd period - Penalty to Wyatt Newpower is over, Wyatt Newpower is back on ice.
16:59 of 2nd period - Brandon Coe is hit by Jacob Peterson and loses puck.
18:56 of 2nd period - Snap shot by Rafael Harvey-Pinard.
18:56 of 2nd period - Deflect By Lane Pederson.
18:56 of 2nd period - Shot Misses the Net.
18:56 of 2nd period - Puck is out of play.
18:57 of 2nd period - Jordy Bellerive wins face-off versus Filip Chlapik in Providence Bruins zone.
Goals for this period are 0 for Abbotsford Heat vs 2 for Providence Bruins.
Shots for this period are 11 for Abbotsford Heat vs 9 for Providence Bruins.
3rd period
0:01 of 3rd period - Yakov Trenin wins face-off versus Joe Veleno in neutral zone.
0:32 of 3rd period - Backhand shot by Cole Sillinger.
0:32 of 3rd period - Stopped by Zachary Emond with a rebound.
0:34 of 3rd period - Backhand shot by Rafael Harvey-Pinard.
0:34 of 3rd period - Shot Misses the Net.
0:36 of 3rd period - Snap shot by Cole Sillinger.
0:36 of 3rd period - Deflect By Rafael Harvey-Pinard.
0:36 of 3rd period - Stopped by Zachary Emond with a rebound.
1:01 of 3rd period - Minor Penalty to Nikolai Knyzhov for Interference.
1:02 of 3rd period - Joe Veleno wins face-off versus Yakov Trenin in Providence Bruins zone.
1:30 of 3rd period - Off-side.
1:31 of 3rd period - Rafael Harvey-Pinard wins face-off versus Jack Studnicka in neutral zone.
1:40 of 3rd period - Snap shot by Cole Sillinger.
1:40 of 3rd period - Shot Blocked by Jordan Spence.
1:42 of 3rd period - Snap shot by Rafael Harvey-Pinard.
1:42 of 3rd period - Stopped by Zachary Emond with a rebound.
1:44 of 3rd period - Slapshot by Dennis Gilbert.
1:44 of 3rd period - Goal by Dennis Gilbert - Abbotsford Heat : 3 - Providence Bruins : 2.
1:45 of 3rd period - Yakov Trenin wins face-off versus Joe Veleno in neutral zone.
2:18 of 3rd period - Slapshot by Logan Hutsko.
2:18 of 3rd period - Shot Misses the Net.
2:20 of 3rd period - Wrist shot by Nick Perbix.
2:20 of 3rd period - Shot Misses the Net.
2:32 of 3rd period - Snap shot by Cole Sillinger.
2:32 of 3rd period - Shot Misses the Net.
2:36 of 3rd period - Snap shot by Jacob Peterson.
2:36 of 3rd period - Stopped by Zachary Emond without a rebound.
2:37 of 3rd period - Benoit-Olivier Groulx wins face-off versus Joe Veleno in Providence Bruins zone.
3:05 of 3rd period - Snap shot by Benoit-Olivier Groulx.
3:05 of 3rd period - Stopped by Zachary Emond with a rebound.
3:07 of 3rd period - Slapshot by Vincent Desharnais.
3:07 of 3rd period - Stopped by Zachary Emond without a rebound.
3:08 of 3rd period - Logan Hutsko wins face-off versus Yakov Trenin in Providence Bruins zone.
3:16 of 3rd period - Off-side.
3:17 of 3rd period - Logan Hutsko wins face-off versus Yakov Trenin in neutral zone.
3:20 of 3rd period - Snap shot by Logan Hutsko.
3:20 of 3rd period - Shot Misses the Net.
3:22 of 3rd period - Wrist shot by Cole Schwindt.
3:22 of 3rd period - Stopped by Dustin Wolf with a rebound.
3:30 of 3rd period - Wrist shot by Logan Hutsko.
3:30 of 3rd period - Deflect By Cole Schwindt.
3:30 of 3rd period - Stopped by Dustin Wolf with a rebound.
3:32 of 3rd period - Wrist shot by Logan Hutsko.
3:32 of 3rd period - Stopped by Dustin Wolf with a rebound.
3:42 of 3rd period - Wrist shot by Bobby Brink.
3:42 of 3rd period - Stopped by Zachary Emond without a rebound.
3:43 of 3rd period - Joe Veleno wins face-off versus Cole Sillinger in Providence Bruins zone.
4:14 of 3rd period - Jacob Peterson is hit by Jordy Bellerive and loses puck.
4:39 of 3rd period - Jacob Moverare is hit by Cole Perfetti.
5:17 of 3rd period - Slapshot by Michael Anderson.
5:17 of 3rd period - Shot Blocked by Nikolai Knyzhov.
5:29 of 3rd period - Bobby Brink is hit by Joe Veleno and loses puck.
5:59 of 3rd period - Icing by Dennis Gilbert.
6:00 of 3rd period - Brandon Coe wins face-off versus Cole Sillinger in Abbotsford Heat zone.
6:02 of 3rd period - Minor Penalty to Jordy Bellerive for Roughing.
6:03 of 3rd period - Yakov Trenin wins face-off versus Joe Veleno in Providence Bruins zone.
7:05 of 3rd period - Jacob Moverare is hit by Michael Anderson and loses puck.
8:02 of 3rd period - Penalty to Jordy Bellerive is over, Jordy Bellerive is back on ice.
8:04 of 3rd period - Michal Teply is hit by Dennis Gilbert and loses puck.
8:23 of 3rd period - Wrist shot by Michal Teply.
8:23 of 3rd period - Shot Misses the Net.
8:27 of 3rd period - Snap shot by Logan Hutsko.
8:27 of 3rd period - Deflect By Jordy Bellerive.
8:27 of 3rd period - Stopped by Dustin Wolf with a rebound.
8:29 of 3rd period - Slapshot by Helge Grans.
8:29 of 3rd period - Shot Blocked by Dennis Gilbert.
8:35 of 3rd period - Snap shot by Logan Hutsko.
8:35 of 3rd period - Shot Misses the Net.
8:37 of 3rd period - Snap shot by Jordy Bellerive.
8:37 of 3rd period - Stopped by Dustin Wolf with a rebound.
8:39 of 3rd period - Snap shot by Logan Hutsko.
8:39 of 3rd period - Shot Misses the Net.
8:51 of 3rd period - Wrist shot by Jordy Bellerive.
8:51 of 3rd period - Shot Misses the Net.
8:53 of 3rd period - Snap shot by Michal Teply.
8:53 of 3rd period - Shot Misses the Net.
8:55 of 3rd period - Wrist shot by Logan Hutsko.
8:55 of 3rd period - Stopped by Dustin Wolf without a rebound.
8:56 of 3rd period - Benoit-Olivier Groulx wins face-off versus Joe Veleno in Abbotsford Heat zone.
9:01 of 3rd period - Jared McIsaac is hit by Ryan Merkley and loses puck.
9:24 of 3rd period - Wrist shot by Bobby Brink.
9:24 of 3rd period - Shot Blocked by Nicholas Merkley.
9:26 of 3rd period - Slapshot by Michael Anderson.
9:26 of 3rd period - Deflect By Cole Perfetti.
9:26 of 3rd period - Shot Misses the Net.
9:26 of 3rd period - Puck is out of play.
9:27 of 3rd period - Yakov Trenin wins face-off versus Jordy Bellerive in Providence Bruins zone.
9:41 of 3rd period - Minor Penalty to Wyatt Newpower for Holding Stick.
9:42 of 3rd period - Yakov Trenin wins face-off versus Jack Studnicka in Abbotsford Heat zone.
10:15 of 3rd period - Snap shot by Jordan Spence.
10:15 of 3rd period - Shot Blocked by Michael Anderson.
10:17 of 3rd period - Snap shot by Cole Schwindt.
10:17 of 3rd period - Shot Misses the Net.
10:19 of 3rd period - Slapshot by Nikolai Knyzhov.
10:19 of 3rd period - Shot Misses the Net.
10:21 of 3rd period - Slapshot by Michal Teply.
10:21 of 3rd period - Stopped by Dustin Wolf with a rebound.
11:30 of 3rd period - Snap shot by Nicholas Merkley.
11:30 of 3rd period - Shot Blocked by Bobby Brink.
11:41 of 3rd period - Penalty to Wyatt Newpower is over, Wyatt Newpower is back on ice.
12:04 of 3rd period - Wrist shot by Yakov Trenin.
12:04 of 3rd period - Stopped by Zachary Emond without a rebound.
12:05 of 3rd period - Benoit-Olivier Groulx wins face-off versus Logan Hutsko in Providence Bruins zone.
12:10 of 3rd period - Snap shot by Benoit-Olivier Groulx.
12:10 of 3rd period - Stopped by Zachary Emond without a rebound.
12:11 of 3rd period - Benoit-Olivier Groulx wins face-off versus Joe Veleno in Providence Bruins zone.
12:14 of 3rd period - Snap shot by Benoit-Olivier Groulx.
12:14 of 3rd period - Shot Blocked by Jared McIsaac.
12:48 of 3rd period - Slapshot by Vincent Desharnais.
12:48 of 3rd period - Deflect By Bobby Brink.
12:48 of 3rd period - Shot Misses the Net.
12:48 of 3rd period - Puck is out of play.
12:49 of 3rd period - Logan Hutsko wins face-off versus Yakov Trenin in Providence Bruins zone.
13:02 of 3rd period - Backhand shot by Cole Perfetti.
13:02 of 3rd period - Stopped by Zachary Emond with a rebound.
13:05 of 3rd period - Icing by Nikolai Knyzhov.
13:06 of 3rd period - Logan Hutsko wins face-off versus Cole Sillinger in Providence Bruins zone.
13:16 of 3rd period - Slapshot by Ryan Merkley.
13:16 of 3rd period - Deflect By Lane Pederson.
13:16 of 3rd period - Stopped by Zachary Emond with a rebound.
13:20 of 3rd period - Snap shot by Cole Sillinger.
13:20 of 3rd period - Shot Blocked by Jordan Spence.
13:22 of 3rd period - Slapshot by Rafael Harvey-Pinard.
13:22 of 3rd period - Stopped by Zachary Emond without a rebound.
13:23 of 3rd period - Yakov Trenin wins face-off versus Joe Veleno in Providence Bruins zone.
13:35 of 3rd period - Minor Penalty to Nikolai Knyzhov for Kneeing.
13:36 of 3rd period - John-Jason Peterka wins face-off versus Cole Perfetti in Providence Bruins zone.
13:40 of 3rd period - Snap shot by John-Jason Peterka.
13:40 of 3rd period - Stopped by Dustin Wolf without a rebound.
13:41 of 3rd period - Yakov Trenin wins face-off versus Joe Veleno in Abbotsford Heat zone.
13:41 of 3rd period - Yakov Trenin is hit by John-Jason Peterka.
13:53 of 3rd period - Snap shot by Bobby Brink.
13:53 of 3rd period - Shot Blocked by Jordan Spence.
14:13 of 3rd period - Wrist shot by Cole Sillinger.
14:13 of 3rd period - Stopped by Zachary Emond with a rebound.
14:39 of 3rd period - Cole Sillinger is hit by Nick Perbix and loses puck.
15:00 of 3rd period - Wrist shot by Cole Sillinger.
15:00 of 3rd period - Stopped by Zachary Emond with a rebound.
15:35 of 3rd period - Penalty to Nikolai Knyzhov is over, Nikolai Knyzhov is back on ice.
16:11 of 3rd period - Wrist shot by Nicholas Merkley.
16:11 of 3rd period - Stopped by Dustin Wolf without a rebound.
16:12 of 3rd period - Lane Pederson wins face-off versus Joe Veleno in Abbotsford Heat zone.
17:30 of 3rd period - Minor Penalty to John-Jason Peterka for High sticking.
17:31 of 3rd period - Joe Veleno wins face-off versus Bobby Brink in Providence Bruins zone.
17:31 of 3rd period - Joe Veleno is hit by Cole Perfetti.
18:20 of 3rd period - Slapshot by Cole Perfetti.
18:20 of 3rd period - Stopped by Zachary Emond with a rebound.
19:30 of 3rd period - Penalty to John-Jason Peterka is over, John-Jason Peterka is back on ice.
Goals for this period are 1 for Abbotsford Heat vs 0 for Providence Bruins.
Shots for this period are 16 for Abbotsford Heat vs 9 for Providence Bruins.
Back to the Top